 Dungeon Crawl Stone Soup version 0.31-a0-214-gb37851dbb3 (webtiles) character file.

Game seed: 7631629873636830356

274917 avis the Acrobat (level 19, -9/97 HPs)
             Began as a Felid Summoner on June 24, 2023.
             Was a Priest of Jiyva.
             Mangled by a caustic shrike skeleton (20 damage)
             ... on level 3 of the Crypt on July 1, 2023.
             The game lasted 12:49:20 (70210 turns).

avis the Acrobat (Felid Summoner)                  Turns: 70210, Time: 12:49:20

Health: -9/97      AC: 18    Str:  4    XL:     19   Next: 54%
Magic:  39/39      EV: 47    Int: 31    God:    Jiyva [***...]
Gold:   529        SH:  0    Dex: 23    Spells: 2/49 levels left
                                        Lives:  0   Deaths: 5

rFire   . .          .
                       - Unarmed
rCold   . . .        (shield unavailable)
rNeg    . . .        (body armour unavailable)
rPois   ∞            (helmet unavailable)
rElec   +            (cloak unavailable)
rCorr   +            (gloves unavailable)
SInv    +            (boots unavailable)
Will    ++...        Y - amulet of Harmony {Faith Dex+4}
Stlth   ++++         m - +6 ring of intelligence
HPRegen 1.48/turn    J - ring of wizardry
MPRegen 0.61/turn

%: faith, wizardry (x1)
@: storm-form, flying, studying 4 skills
A: cleaving, insubstantial, flying, very small, (claws 1), (fangs 3), see
invisible, (speed 1), (shaggy fur 3), (stealthy paws), no weapons or thrown
items, no armour, multi-lived, (antennae 1), (iridescent scales 3), (poison
resistance), (gelatinous body 1)
}: 2/15 runes: serpentine, barnacled
a: Blinkbolt, End Transformation, Renounce Religion, Oozemancy


You were on level 3 of the Crypt.
You worshipped Jiyva.
Jiyva was most pleased with you.
You were a lightning-filled tempest!
You visited 11 branches of the dungeon, and saw 47 of its levels.
You also visited: Sewer, Gauntlet and Wizlab.

You collected 20505 gold pieces.
You spent 15187 gold pieces at shops.
You paid 4789 gold pieces to Gozag.

Inventory:

Jewellery
 d - an amulet of the acrobat
 e - a +6 ring of intelligence
 h - a +4 ring of protection
 m - a +6 ring of intelligence (left paw)
 J - a ring of wizardry (right paw)
 K - an amulet of reflection
 P - a ring of willpower
 R - an amulet of regeneration
 T - a ring of protection from cold
 U - an amulet of magic regeneration
 W - a +5 ring of evasion
 X - a +6 ring of strength
 Y - the amulet of Harmony (around neck) {Faith Dex+4}
   (You found it on level 3 of the Elven Halls)

   [amulet of faith]

   It allows you to gain divine favour quickly.
   Dex:       It affects your dexterity (+4).
Wands
 a - a wand of flame (42)
 s - a wand of light (43)
 t - a wand of polymorph (26)
 E - a wand of iceblast (33)
 F - a wand of paralysis (20)
 O - a wand of mindburst (5)
 Z - a wand of digging (8)
Scrolls
 g - 8 scrolls of blinking
 k - 3 scrolls of poison
 l - 7 scrolls of amnesia
 q - 29 scrolls of teleportation
 u - 3 scrolls of summoning
 w - 9 scrolls of fog
 x - 5 scrolls of revelation
 A - 4 scrolls of fear
 B - a scroll of enchant armour
 C - 3 scrolls of silence
 N - 6 scrolls of immolation
 S - a scroll of identify
Potions
 b - 15 potions of curing
 c - 6 potions of cancellation
 i - a potion of invisibility
 j - 4 potions of resistance
 n - 13 potions of brilliance
 p - 2 potions of mutation
 r - 5 potions of lignification
 v - 5 potions of berserk rage
 z - a potion of heal wounds
 D - 4 potions of ambrosia
 H - 2 potions of haste
 I - 3 potions of might
 M - 8 potions of enlightenment
Miscellaneous
 f - a lightning rod (4/4)
 o - a tin of tremorstones (2/2)
 y - a phantom mirror
 G - a phial of floods (inert)
 L - a piece from Xom's chessboard (15/15)
 Q - a sack of spiders


   Skills:
 * Level 17.7 Fighting
 - Level 21.0 Dodging
 - Level 8.0 Stealth
 * Level 16.0 Unarmed Combat
 * Level 15.6 Spellcasting
 - Level 10.0 Hexes
 - Level 16.0 Summonings
 - Level 12.0 Necromancy
 - Level 10.0 Translocations
 - Level 16.0 Transmutations
 - Level 16.0 Air Magic


You had 2 spell levels left.
You knew the following spells:

 Your Spells              Type           Power      Damage    Failure   Level
e - Wereblood             Tmut           89%        N/A       0%          2
l - Summon Lightning Spi  Summ/Air       89%        N/A       1%          4
p - Passage of Golubria   Tloc           72%        N/A       1%          4
v - Summon Mana Viper     Hex/Summ       81%        N/A       1%          5
C - Summon Cactus Giant   Summ           44%        N/A       1%          6
F - Summon Forest         Summ/Tloc      40%        N/A       1%          5
H - Haunt                 Necr/Summ      42%        N/A       1%          7
M - Malign Gateway        Summ/Tloc      40%        N/A       3%          7
S - Storm Form            Tmut/Air       44%        N/A       1%          7

Your spell library contained the following spells:

 Spells                   Type           Power      Damage    Failure   Level
 Necrotise                Necr           100%       1d9       0%          1
 Summon Small Mammal      Summ           100%       N/A       0%          1
 Call Imp                 Summ           100%       N/A       0%          2
 Sublimation of Blood     Necr           78%        N/A       0%          2
 Apportation              Tloc           100%       N/A       1%          1
 Foxfire                  Conj/Fire      96%        2x1d8     1%          1
 Freeze                   Ice            96%        1d10      1%          1
 Kiss of Death            Conj/Necr      100%       2d13      1%          1
 Magic Dart               Conj           96%        1d7       1%          1
 Sandblast                Erth           48%        2d12      1%          1
 Shock                    Conj/Air       100%       1d9       1%          1
 Sting                    Tmut/Pois      100%       1d8       1%          1
 Ensorcelled Hibernation  Hex/Ice        100%       N/A       1%          2
 Passwall                 Tmut/Erth      54%        N/A       1%          2
 Poisonous Vapours        Pois/Air       100%       N/A       1%          2
 Static Discharge         Conj/Air       100%       2-7/arc   1%          2
 Call Canine Familiar     Summ           89%        N/A       0%          3
 Swiftness                Air            89%        N/A       0%          3
 Dazzling Flash           Conj/Hex       100%       N/A       1%          3
 Gell's Gravitas          Tloc           72%        N/A       1%          3
 Ignite Poison            Fire/Tmut/Pois 55%        N/A       1%          3
 Inner Flame              Hex/Fire       53%        N/A       1%          3
 Mephitic Cloud           Conj/Pois/Air  55%        N/A       1%          3
 Summon Guardian Golem    Hex/Summ       81%        N/A       1%          3
 Teleport Other           Tloc           72%        N/A       1%          3
 Tukima's Dance           Hex            72%        N/A       1%          3
 Vhi's Electric Charge    Tloc/Air       100%       N/A       1%          3
 Airstrike                Air            44%        2d(7-23)  1%          4
 Animate Dead             Necr           78%        N/A       1%          4
 Ice Form                 Ice/Tmut       65%        N/A       1%          4
 Iskenderun's Mystic Bla  Conj/Tloc      53%        2d11      1%          4
 Leda's Liquefaction      Hex/Erth       26%        N/A       1%          4
 Agony                    Necr           78%        N/A       1%          5
 Arcjolt                  Conj/Air       32%        1d42      1%          5
 Blade Hands              Tmut           44%        N/A       1%          5
 Borgnjor's Vile Clutch   Necr/Erth      28%        N/A       1%          5
 Silence                  Hex/Air        40%        N/A       1%          5
 Yara's Violent Unravell  Hex/Tmut       40%        3d16      1%          5
 Death Channel            Necr           39%        N/A       1%          6
 Dispersal                Tloc           36%        N/A       1%          6
 Summon Hydra             Summ           44%        N/A       1%          7
 Frozen Ramparts          Ice            48%        1d8       2%          3
 Hailstorm                Conj/Ice       24%        3d7       2%          3
 Stone Arrow              Conj/Erth      48%        3d10      2%          3
 Conjure Ball Lightning   Conj/Air       32%        3x3d10    4%          6
 Plasma Beam              Fire/Air       32%        2x1d45    4%          6
 Statue Form              Tmut/Erth      43%        N/A       4%          6
 Flame Wave               Conj/Fire      24%        2d8       8%          4
 Olgreb's Toxic Radiance  Pois           24%        N/A       8%          4
 Sticky Flame             Conj/Fire      24%        2d5       8%          4
 Simulacrum               Ice/Necr       28%        N/A       10%         6
 Enfeeble                 Hex            36%        N/A       11%         7
 Fireball                 Conj/Fire      12%        3d7       21%         5
 Lee's Rapid Deconstruct  Erth           12%        3d8*      21%         5
 Borgnjor's Revivificati  Necr           39%        N/A       32%         8
 Infestation              Necr           39%        N/A       32%         8
 Discord                  Hex            36%        N/A       58%         8
 Disjunction              Tloc           36%        N/A       58%         8
 Leda's Unmaking          Conj/Erth      12%        9d3       71%         6
 Starburst                Conj/Fire      12%        6d5       71%         6
 Ignition                 Fire           12%        3d6       100%        8
 Lehudib's Crystal Spear  Conj/Erth      12%        10d4      100%        8
 Portal Projectile        Hex/Tloc       Unusable   N/A       N/A         3

Dungeon Overview and Level Annotations

Branches:
Dungeon (15/15)            Temple (1/1) D:5            Lair (5/5) D:9
 Shoals (4/4) Lair:2        Snake (4/4) Lair:2        Slime (5/5) Lair:5
    Orc (2/2) D:9             Elf (3/3) Orc:2        Vaults (4/5) D:14
  Crypt (3/3) Vaults:3     Depths (1/4) D:15          Sewer (visited)
 WizLab (visited)         Gauntlet (visited)
   Tomb: Crypt:3

Altars:
Ashenzari
Cheibriados
Dithmenos
Elyvilon
Fedhas
Gozag
Hepliaklqana
Kikubaaqudgha
Makhleb
Nemelex Xobeh
Okawaru
Qazlal
Ru
Sif Muna
Trog
Uskayaw
Vehumet
Wu Jian
Xom
Yredelemnul
Zin
The Shining One
Jiyva

Shops:
D:5 [([[*   D:6 =   D:7 =   D:9 (   D:14 ?   Orc:1 [   Orc:2 :?(!   Elf:1 **
Elf:2 :   Elf:3 :   Lair:1 :   Lair:3 :   Lair:5 *   Shoals:1 [   Shoals:3 :
Snake:1 *=[?   Snake:4 ?!*(   Vaults:1 (   Vaults:3 (

Portals:
Hell: Depths:1
Abyss: Depths:1
Pandemonium: Depths:1

Annotations:
Slime:5 Royal Jelly
Crypt:3 Josephina


Innate Abilities, Weirdness & Mutations

You are a lightning-filled tempest!
Your electrical attacks strike out in all directions at once.
You are incredibly evasive.
Your insubstantial body is immune to petrification, constriction, and being set on fire You are flying.
((You have sharp claws.))
((You have razor-sharp teeth.))
You have supernaturally acute eyesight. (SInv)
((You cover ground quickly. (Speed+)))
((Your thick and shaggy fur keeps you warm. (AC +3, rC+)))
((Your paws help you pounce on unaware monsters.))
You are incapable of wielding weapons or throwing items.
You cannot wear armour.
You gain extra lives every three experience levels.
((You have a pair of small antennae on your head.))
((You are completely covered in iridescent scales. (AC +6)))
((Your system is resistant to poisons. (rPois)))
((Your rubbery body absorbs attacks. (AC +1, EV +1)))


Message History

Something unseen opens the door.
You hit the titan skeleton but do no damage.
Lightning courses through the titan skeleton!
You punch the titan skeleton!
The titan skeleton is severely damaged.
You hit the caustic shrike skeleton but do no damage.
The caustic shrike skeleton completely misses you.
The titan skeleton hits you. The caustic shrike skeleton misses you.
An ancient champion comes into view.
It is wielding a +3 great sword of pain.
You batter the titan skeleton!!
Lightning courses through the titan skeleton!!
The titan skeleton is almost destroyed.
You hit the caustic shrike skeleton.
The caustic shrike skeleton completely misses you.
You batter the titan skeleton!!
You destroy the titan skeleton!
You buffet the caustic shrike skeleton!
Lightning courses through the caustic shrike skeleton!
The caustic shrike skeleton completely misses you.
Found 46 gold pieces.
The caustic shrike skeleton claws you but does no damage.
The ancient champion barely misses you. The caustic shrike skeleton claws you!!
You blast the caustic shrike skeleton!!!
The caustic shrike skeleton is severely damaged.
You hit the ancient champion but do no damage.
The caustic shrike skeleton barely misses you.
The ancient champion hits you with a +3 great sword of pain!!
You writhe in agony.
You barely miss the caustic shrike skeleton.
The caustic shrike skeleton is severely damaged.
You hit the ancient champion but do no damage.
The caustic shrike skeleton claws you!
* * * LOW HITPOINT WARNING * * *
The ancient champion attacks as you move away!
The ancient champion hits you with a +3 great sword of pain!
* * * LOW HITPOINT WARNING * * *
You writhe in agony.
* * * LOW HITPOINT WARNING * * *
The caustic shrike skeleton claws you!!
You die...

####+++####
#.........##
..8.....8..#
......zZv..#####
+####'####'#'..#{
... #...#..# #..
#.).#..# #$.
#...#..# ##
########


You could see an ancient champion and a caustic shrike skeleton.

Vanquished Creatures
  Boris (Crypt:2)
  The ghost of Olanal the Impregnable, a veteran AtFi of Gozag (Depths:1)
  4 ancient champions
  An acid blob (Slime:3)
  Kirke (Lair:2)
  4 revenants
  An azure jelly (Slime:2)
  14 vault wardens
  A curse skull (Crypt:2)
  2 orc warlords
  5 ghouls
  A caustic shrike skeleton (Crypt:2)
  2 formless jellyfish
  8 ironbound preservers
  3 stone giants
  3 ironbound thunderhulks
  6 dire elephants
  A minotaur (Shoals:4)
  2 vampire knights
  2 spark wasps (Depths:1)
  2 deep elf death magi (Elf:3)
  A merfolk javelineer (Shoals:4)
  3 eidola
  An ettin (Depths:1)
  2 merfolk impalers
  A quicksilver dragon zombie (Crypt:2)
  4 great orbs of eyes
  7 yaktaur captains
  3 vault guards
  A hydra (D:14)
  A spriggan skeleton (Crypt:2)
  A catoblepas (Shoals:4)
  3 ironbound frosthearts (Vaults:2)
  A merfolk avatar (Shoals:4)
  A two-headed ogre (Orc:2)
  7 centaur warriors
  A bennu zombie (Crypt:1)
  8 anacondas
  An Orb Guardian skeleton (Crypt:1)
  4 dancing weapons
  3 death yaks (Shoals:4)
  2 alligators (Shoals:3)
  A death knight (Crypt:2)
  An alligator snapping turtle (Shoals:3)
  5 naga warriors
  2 tengu warriors
  4 vampire magi
  4 deep troll shamans (Depths:1)
  5 satyrs (Shoals:4)
  A deep troll earth mage (Depths:1)
  An orc high priest (Elf:3)
  2 naga sharpshooters (Snake:1)
  7 shock serpents
  6 deep elf knights
  A hell knight (Vaults:1)
  A titan skeleton (Crypt:3)
  6 skeletal warriors (Crypt:2)
  2 soul eaters
  An iron troll (Depths:1)
  7 salamander mystics
  2 shadow wraiths
  9 sea snakes
  A flayed ghost (Crypt:2)
  A glowing orange brain (Depths:1)
  13 deep trolls
  2 phantasmal warriors
  4 wizards
  4 deep elf archers
  12 ironbound convokers
  4 lindwurms
  15 harpies
  7 deep elf zephyrmancers
  6 deep elf pyromancers
  9 mana vipers
  8 fauns
  4 manticores
  6 ugly things
  An orc sorcerer (D:15)
  A stone giant zombie (WizLab)
  7 salamanders
  3 merfolk sirens
  A centaur zombie (D:15)
  A stone giant skeleton (Vaults:1)
  3 vault sentinels
  2 human skeletons (Vaults:1)
  5 water nymphs
  20 black mambas
  6 guardian serpents
  An ice statue (D:10)
  A dire elephant skeleton (Crypt:2)
  2 naga magi
  2 kobold demonologists
  2 centaur skeletons
  11 yaktaurs
  2 anaconda simulacra (Crypt:3)
  A freezing wraith (Crypt:1)
  A bunyip simulacrum (Crypt:3)
  A tengu conjurer (D:15)
  A catoblepas skeleton (Crypt:1)
  A harpy zombie (Crypt:1)
  A grey draconian skeleton (Crypt:2)
  15 merfolk
  2 wind drakes
  2 harpy skeletons (Crypt:2)
  A sphinx simulacrum (Vaults:1)
  A moth of wrath zombie (Crypt:2)
  A fire dragon zombie (Crypt:2)
  6 snapping turtles
  A centaur simulacrum (D:15)
  23 slime creatures
  2 wraiths
  A fire dragon skeleton (Crypt:1)
  A yak (Lair:1)
  2 vampires (Crypt:3)
  5 water elementals
  4 hogs (Lair:2)
  A merfolk zombie (Crypt:2)
  2 wargs (D:14)
  9 nagas
  A harpy simulacrum (Crypt:3)
  A water moccasin (Lair:1)
  A naga zombie (Crypt:2)
  A naga skeleton (Crypt:2)
  An orc warrior (D:15)
  An ice beast (D:6)
  3 boggarts
  An elephant skeleton (Crypt:1)
  A snapping turtle skeleton (Crypt:1)
  A salamander zombie (Crypt:2)
  3 kobold brigands
  2 necrophages
  4 electric eels
  4 lava snakes (Snake:3)
  A basilisk skeleton (Crypt:1)
  A deep dwarf zombie (Crypt:2)
  A steam dragon skeleton (Crypt:2)
  6 orcs
  A ball python (D:1)
  2 bats (D:1)
  A quokka (D:1)
  A jackal skeleton (Crypt:2)
  3 kobolds
  A rat (D:4)
484 creatures vanquished.

Vanquished Creatures (collateral kills)
  Mara (Vaults:2)
  Bai Suzhen (Shoals:4)
  Boris (Vaults:2)
  Vashnia (Snake:2)
  The ghost of Cakioj the Sorcerer, a veteran DjCj of the Shining One (Depths:1)
  2 golden dragons (Depths:1)
  Nikola (Snake:2)
  An iron giant (Depths:1)
  Jorgrun (D:13)
  A tentacled monstrosity (Vaults:4)
  2 deep elf master archers (Elf:3)
  Asterion (Snake:4)
  Polyphemus (Shoals:4)
  3 deep elf blademasters
  3 acid blobs
  3 sphinxes
  The ghost of Polaczum the Brawler, an adept TrMo of Nemelex Xobeh (Depths:1)
  A tengu reaver (Vaults:1)
  3 rockslimes
  A fire giant (Depths:1)
  4 nagarajas (Snake:4)
  Donald (Shoals:1)
  A deep elf sorcerer (Elf:3)
  The ghost of lunkers the Impaler, a journeyman MeWn of Trog (Snake:4)
  2 iron dragons (Depths:1)
  A ghoul (Crypt:1)
  Aizul (Snake:3)
  6 vault wardens
  2 stone giants (Depths:1)
  5 ironbound preservers
  An orc warlord (Vaults:2)
  2 quicksilver oozes (Slime:4)
  5 deep elf elementalists (Elf:3)
  3 ironbound thunderhulks
  2 formless jellyfish
  4 deep elf demonologists (Elf:3)
  4 deep elf annihilators (Elf:3)
  2 minotaurs
  The ghost of knightboat the Carver, a journeyman BaMo of the Shining One (Orc:2)
  A spark wasp (Depths:1)
  11 dire elephants
  An eidolon (Vaults:3)
  2 merfolk impalers
  2 ettins
  2 deep elf death magi (Elf:3)
  2 deep elf high priests (Elf:3)
  A fire dragon (Depths:1)
  2 merfolk javelineers (Shoals:3)
  4 great orbs of eyes
  3 yaktaur captains
  2 alligator snapping turtles
  8 vault guards
  5 ironbound frosthearts
  5 salamander tyrants
  3 centaur warriors
  3 catoblepae (Lair:5)
  6 hydras
  4 anacondas
  A merfolk avatar (Shoals:2)
  4 ogre magi (Orc:2)
  12 naga warriors
  12 two-headed ogres
  Erica (D:9)
  2 satyrs
  21 dancing weapons
  16 death yaks
  4 deep troll earth magi
  An orc high priest (Elf:1)
  2 boulder beetles
  10 naga sharpshooters
  5 shock serpents
  10 deep elf knights
  An iron troll (Depths:1)
  4 salamander mystics
  A soul eater (Crypt:1)
  5 skysharks
  5 skeletal warriors
  A glowing orange brain (Slime:4)
  7 sea snakes
  7 deep elf archers
  12 deep trolls
  7 harpies
  2 bog bodies (Crypt:3)
  A spriggan simulacrum (Crypt:3)
  9 naga ritualists
  8 wizards
  An orc sorcerer (Orc:2)
  3 lindwurms
  16 deep elf zephyrmancers
  2 necromancers
  4 orc knights
  7 ironbound convokers
  An orange crystal statue (Crypt:2)
  16 ugly things
  3 shining eyes
  20 deep elf pyromancers
  6 mana vipers
  32 salamanders
  13 manticores
  10 cyclopes
  12 fauns
  A spectral shock serpent (Snake:4)
  3 water nymphs
  10 elephants
  12 vault sentinels
  7 guardian serpents
  2 merfolk sirens
  20 black mambas
  An eye of devastation (Slime:3)
  11 naga magi
  A frost giant skeleton (Vaults:1)
  13 cane toads
  2 unseen horrors
  6 rime drakes
  14 yaktaurs
  13 komodo dragons
  A white draconian zombie (Crypt:2)
  2 efreet
  A wind drake (Shoals:1)
  8 trolls
  12 merfolk
  3 polar bears
  A hornet (shapeshifter) (D:13)
  A death drake skeleton (Crypt:1)
  6 dream sheep
  17 blink frogs
  3 snapping turtles
  20 slime creatures
  3 spectral black mambas (Snake:4)
  A satyr skeleton (Crypt:1)
  A shock serpent simulacrum (Snake:4)
  3 air elementals
  2 centaur simulacra (Gauntlet)
  5 wraiths
  3 fire elementals
  A spectral naga (Snake:4)
  5 water elementals
  28 yaks
  Grum (D:9)
  4 wyverns
  A golden eye (shapeshifter) (Elf:1)
  3 basilisks
  A steam dragon (D:6)
  7 vampire mosquitoes
  Menkaure (D:4)
  Edmund (D:6)
  32 nagas
  A warg (Elf:1)
  3 acid dragons
  17 water moccasins
  A meliai simulacrum (D:15)
  18 orc warriors
  An ice dragon simulacrum (Gauntlet)
  A guardian serpent simulacrum (Snake:4)
  A sky beast (D:7)
  2 ice beasts
  10 black bears
  18 ogres
  5 wolves
  3 centaurs
  5 boggarts
  3 phantoms
  2 kobold brigands
  15 bullfrogs
  3 gnoll sergeants (D:6)
  2 scorpions
  3 wights (D:7)
  A hornet simulacrum (Gauntlet)
  3 naga simulacra (Snake:4)
  3 lava snakes
  8 hounds
  4 jellies
  10 orc priests
  A gnoll bouda (D:6)
  2 iguanas
  23 orc wizards
  A hell rat (Lair:3)
  26 gnolls
  11 adders
  2 shadow imps (Gauntlet)
  4 white imps
  An ufetubus (D:7)
  4 worms
  10 dart slugs
  64 orcs
  9 bats
  7 endoplasms
  2 giant cockroaches
  4 goblins
  6 hobgoblins
  9 jackals
  7 kobolds
  A quokka (D:4)
  5 ball pythons
  6 frilled lizards
  10 rats
  A spectral weapon (Snake:4)
1115 creatures vanquished.

Vanquished Creatures (others)
  7 eldritch tentacles
  A nagaraja (Snake:4)
  A merfolk impaler (Shoals:3)
  A hydra (Lair:2)
  2 anacondas
  A naga warrior (Snake:4)
  3 death yaks (Lair:5)
  3 naga sharpshooters
  2 skeletal warriors (D:11)
  2 naga ritualists (Snake:4)
  A skyshark (Lair:1)
  2 deep elf pyromancers
  A deep elf zephyrmancer (Elf:2)
  A mana viper (Snake:4)
  A cyclops (D:11)
  A black mamba (Snake:3)
  2 naga magi (Snake:4)
  A cane toad (Lair:1)
  A kobold demonologist (D:14)
  A komodo dragon (Lair:1)
  Prince Ribbit (D:7)
  13 yaks
  2 nagas
  2 water moccasins
  3 orc warriors
  An ice beast (D:6)
  A sky beast (D:6)
  4 ogres (Orc:2)
  2 centaurs
  A gnoll sergeant (D:6)
  3 wights
  5 jellies
  An orc priest (D:8)
  3 orc wizards (D:6)
  3 hell rats (Lair:3)
  2 gnolls
  7 orcs
  A kobold (D:14)
  38 snaplasher vines
128 creatures vanquished.

Grand Total: 1727 creatures vanquished

Notes
Turn   | Place    | Note
-------+----------+-------------------------------------------
     0 | D:1      | avis the Felid Summoner began the quest for the Orb.
     0 | D:1      | Reached XP level 1. HP: 7/7 MP: 4/4
   319 | D:1      | Reached XP level 2. HP: 6/11 MP: 3/6
   322 | D:1      | Learned a level 2 spell: Call Imp
  1306 | D:2      | Reached XP level 3. HP: 14/14 MP: 5/8
  1335 | D:2      | Learned a level 3 spell: Call Canine Familiar
  1680 | D:2      | Reached XP level 4. HP: 18/18 MP: 1/10
  1684 | D:2      | Learned a level 3 spell: Summon Guardian Golem
  1898 | D:2      | Reached skill level 1 in Hexes
  2095 | D:2      | Identified the +0 robe "Edwuelis" {Regen+ SInv}
  2095 | D:2      | Identified the ring "Hiadghoug" {Fly rElec rN+++ rCorr
                  | Slay-6}
  2189 | D:3      | Found a faded altar of an unknown god.
  2289 | D:3      | Reached XP level 5. HP: 21/21 MP: 3/12
  3061 | D:3      | Reached skill level 5 in Summonings
  3142 | D:3      | Learned a level 4 spell: Summon Lightning Spire
  3353 | D:4      | Noticed a phantom
  3362 | D:4      | Gained mutation: You are covered in thick fur. (AC +2)
                  | [Felid growth]
  3362 | D:4      | Reached XP level 6. HP: 24/24 MP: 4/13
  3365 | D:4      | Reached skill level 3 in Dodging
  3379 | D:4      | Reached skill level 1 in Fighting
  3444 | D:4      | Found a glowing drain.
  3455 | Sewer    | Entered a sewer
  3481 | Sewer    | Noticed a water moccasin
  3513 | Sewer    | Killed a water moccasin
  3514 | Sewer    | Reached XP level 7. HP: 28/28 MP: 7/15
  3579 | Sewer    | Got Sif Muna's Excursus on the Xenolith and Immolation
  3824 | D:4      | Noticed Menkaure
  3832 | D:4      | Killed Menkaure
  4401 | D:5      | Entered Level 5 of the Dungeon
  4527 | D:5      | Found Kyty's Armour Shop.
  4569 | D:5      | Found Asytsor's Weapon Shoppe.
  4579 | D:5      | Found a white marble altar of Elyvilon.
  4580 | D:5      | Found Saalain's Armour Boutique.
  4618 | D:5      | Found a staircase to the Ecumenical Temple.
  4629 | D:5      | Reached skill level 4 in Dodging
  4666 | D:5      | Reached skill level 5 in Spellcasting
  4666 | D:5      | Reached skill level 5 in Hexes
  4679 | Temple   | Entered the Ecumenical Temple
  4808 | Temple   | Became a worshipper of Gozag Ym Sagoz the Greedy
  4852 | D:5      | Found a hazy altar of Hepliaklqana.
  5234 | D:5      | Reached XP level 8. HP: 34/34 MP: 13/16
  5279 | D:5      | Found Doita's Armour Emporium.
  5454 | D:5      | Found a radiant altar of Vehumet.
  5547 | D:5      | Found Lociq's General Store.
  5550 | D:5      | Bought a scroll of blinking for 82 gold pieces
  5550 | D:5      | Bought a scroll of revelation for 82 gold pieces
  5550 | D:5      | Bought a wand of light (4) for 184 gold pieces
  5641 | D:6      | Noticed Edmund
  5863 | D:6      | Reached skill level 5 in Dodging
  6228 | D:6      | Reached skill level 1 in Air Magic
  6378 | D:6      | Killed Edmund
  6379 | D:6      | Reached skill level 6 in Dodging
  6485 | D:6      | Reached XP level 9. HP: 39/39 MP: 6/18
  6527 | D:6      | Found Jaarghuto's Jewellery Boutique.
  6544 | D:6      | Bought a ring of wizardry for 300 gold pieces
  7725 | D:7      | Reached skill level 7 in Dodging
  7956 | D:7      | Found Oxores's Jewellery Shop.
  8058 | D:7      | Reached skill level 5 in Fighting
  8628 | D:7      | Noticed Prince Ribbit
  8637 | D:7      | Killed Prince Ribbit
  8638 | D:7      | Reached skill level 5 in Air Magic
  8638 | D:7      | Reached XP level 10. HP: 44/44 MP: 5/21
  9846 | D:8      | Reached skill level 8 in Dodging
  9850 | D:8      | Found an ornate altar of the Wu Jian Council.
  9904 | D:8      | You fall into a shaft and drop 1 floor!
 10093 | D:9      | Found a broken altar of Ashenzari.
 10115 | D:9      | Noticed Erica
 10175 | D:9      | Found Pengit's Weapon Emporium.
 10177 | D:9      | Found a staircase to the Orcish Mines.
 10666 | D:8      | Upgraded the game from 0.31-a0-196-g86fe4a5e66 to
                  | 0.31-a0-198-g2ad674f65e
 10829 | D:9      | Noticed Grum
 10834 | D:9      | Reached skill level 9 in Dodging
 10839 | D:9      | Killed Grum
 11068 | D:9      | Found a staircase to the Lair.
 11106 | D:9      | Reached skill level 10 in Dodging
 11545 | D:9      | Killed Erica
 11546 | D:9      | Reached XP level 11. HP: 49/49 MP: 15/23
 11932 | Lair:1   | Entered Level 1 of the Lair of Beasts
 11950 | Lair:1   | Reached skill level 11 in Dodging
 12666 | Lair:1   | Reached skill level 12 in Dodging
 12781 | Lair:1   | Reached skill level 10 in Summonings
 13072 | Lair:1   | Noticed a death yak
 13162 | Lair:1   | Reached skill level 13 in Dodging
 13579 | Lair:1   | Noticed a skyshark
 13587 | Lair:1   | Engulfed by their own flame
 13588 | Lair:1   | Reached XP level 10. HP: -6/48 MP: 15/23
 13642 | Lair:1   | Killed a death yak
 13643 | Lair:1   | Reached XP level 11. HP: 52/52 MP: 7/25
 13667 | Lair:1   | Killed a skyshark
 13668 | Lair:1   | Reached skill level 14 in Dodging
 14092 | Lair:1   | Bought a book of the Wilderness for 418 gold pieces
 14098 | Lair:1   | Learned a level 5 spell: Summon Mana Viper
 14105 | Lair:1   | Learned a level 6 spell: Summon Cactus Giant
 14460 | Lair:2   | Found a gate leading to a gauntlet.
 14472 | Gauntlet | Entered a Gauntlet
 14472 | Gauntlet | Found a transporter.
 14480 | Gauntlet | Noticed a sixfirhy
 14480 | Gauntlet | Noticed a wizard
 14482 | Gauntlet | Found a transporter.
 14484 | Gauntlet | Found a transporter.
 14484 | Gauntlet | Found a transporter.
 14499 | Gauntlet | Found a transporter.
 14515 | Gauntlet | Found a transporter.
 14520 | Gauntlet | Found a transporter.
 14530 | Gauntlet | Noticed a fire crab
 14535 | Gauntlet | Found a transporter.
 14554 | Gauntlet | Found a transporter.
 14584 | Gauntlet | Found a transporter.
 14614 | Gauntlet | Found a transporter.
 14619 | Gauntlet | Found a transporter.
 14644 | Gauntlet | Found a transporter.
 14649 | Gauntlet | Found a transporter.
 14651 | Gauntlet | Found a transporter.
 14674 | Gauntlet | Found a transporter.
 14675 | Gauntlet | Noticed a green death
 14681 | Gauntlet | Found a transporter.
 14728 | Gauntlet | Found a transporter.
 14844 | Gauntlet | Killed a wizard
 14924 | Gauntlet | HP: 2/52 [ice dragon simulacrum (26)]
 15116 | Gauntlet | Identified the ring "Ybryov" {Ice rN+ Str+5 Dex-5}
 15153 | Gauntlet | Identified the +5 broad axe "Unuruby" {flame, +Blink rElec
                  | Dex-3}
 15153 | Gauntlet | Noticed a minotaur
 15172 | Gauntlet | Killed a minotaur
 15447 | Lair:2   | Reached skill level 15 in Dodging
 15730 | Lair:2   | Noticed a six-headed hydra
 15738 | Lair:2   | Killed a six-headed hydra
 15812 | Lair:2   | Gained mutation: Your thick and shaggy fur keeps you warm.
                  | (AC +3, rC+) [Felid growth]
 15812 | Lair:2   | Reached XP level 12. HP: 57/57 MP: 14/26
 15884 | Lair:2   | Noticed a six-headed hydra
 15896 | Lair:2   | Killed a six-headed hydra
 16001 | Lair:2   | Learned a level 5 spell: Summon Forest
 16063 | Lair:2   | Found a staircase to the Snake Pit.
 16286 | Lair:2   | Reached skill level 1 in Translocations
 16766 | Lair:3   | Noticed a seven-headed hydra
 16817 | Lair:3   | Killed a seven-headed hydra
 16997 | Lair:3   | Reached skill level 16 in Dodging
 17025 | Lair:3   | Reached skill level 10 in Spellcasting
 19173 | Lair:5   | Entered Level 5 of the Lair of Beasts
 19180 | Lair:5   | Noticed a death yak
 19190 | Lair:5   | Killed a death yak
 19225 | Lair:5   | Reached skill level 10 in Fighting
 19377 | Lair:5   | Noticed a death yak
 19377 | Lair:5   | Noticed a death yak
 19377 | Lair:5   | Noticed a death yak
 19377 | Lair:5   | Noticed a death yak
 19377 | Lair:5   | Noticed a death yak
 19377 | Lair:5   | Noticed a death yak
 19378 | Lair:5   | Noticed a death yak
 19378 | Lair:5   | Noticed a death yak
 19379 | Lair:5   | Noticed a death yak
 19379 | Lair:5   | Noticed a death yak
 19380 | Lair:5   | Noticed a death yak
 19479 | Lair:5   | Reached XP level 13. HP: 61/61 MP: 17/28
 19713 | Lair:5   | Found a staircase to the Slime Pits.
 19714 | Lair:5   | Identified the +1 robe "Vekot" {rElec MP+9 Str+3 Int-5}
 19716 | Lair:5   | Found a viscous altar of Jiyva.
 19753 | Lair:5   | Reached skill level 17 in Dodging
 19753 | Lair:5   | Reached skill level 5 in Translocations
 20084 | Lair:3   | Bought a manual of Summonings for 1440 gold pieces
 20126 | Orc:1    | Entered Level 1 of the Orcish Mines
 20270 | Orc:1    | Found Ruatelap's Antique Armour Emporium.
 20663 | Orc:1    | Noticed an ettin
 20675 | Orc:1    | Killed an ettin
 20836 | Orc:2    | Entered Level 2 of the Orcish Mines
 20847 | Orc:2    | Found a runed translucent door.
 20848 | Orc:2    | Noticed knightboat's ghost (journeyman BaMo)
 21047 | Orc:2    | Found a staircase to the Elven Halls.
 21294 | Orc:2    | Reached skill level 10 in Hexes
 21301 | Orc:2    | Reached skill level 18 in Dodging
 21322 | Orc:2    | Reached XP level 14. HP: 66/66 MP: 0/30
 21620 | Orc:2    | Found Nesu's Magic Scroll Boutique.
 21620 | Orc:2    | Found Usuvuv's Distillery.
 21622 | Orc:2    | Found Pioshihy's Book Shoppe.
 21622 | Orc:2    | Found Bocielarr's Antique Weapon Boutique.
 22142 | Lair:3   | Bought Ihiol's Grimoire of the Voltaic Traveller for 720
                  | gold pieces
 22150 | Lair:3   | Learned a level 7 spell: Storm Form
 22253 | Lair:5   | Reached skill level 1 in Transmutations
 23057 | Lair:3   | Bought a manual of Unarmed Combat for 1440 gold pieces
 23164 | Orc:2    | Bought a scroll of identify for 30 gold pieces
 23164 | Orc:2    | Bought a scroll of identify for 30 gold pieces
 23164 | Orc:2    | Bought a scroll of identify for 30 gold pieces
 23777 | D:10     | Entered Level 10 of the Dungeon
 23886 | D:10     | Found a bloodstained altar of Trog.
 24134 | D:10     | Found a burning altar of Makhleb.
 24196 | D:10     | Found an iron altar of Okawaru.
 25596 | D:12     | Reached skill level 5 in Transmutations
 26538 | D:13     | Reached XP level 15. HP: 72/72 MP: 20/31
 26549 | D:13     | Noticed Jorgrun
 26571 | D:13     | Killed Jorgrun
 27730 | D:14     | Found Wuschaig's Magic Scroll Shop.
 27811 | D:14     | Bought a scroll of identify for 28 gold pieces
 27811 | D:14     | Bought a scroll of identify for 28 gold pieces
 27811 | D:14     | Bought a scroll of revelation for 105 gold pieces
 27811 | D:14     | Bought a scroll of revelation for 105 gold pieces
 27811 | D:14     | Bought a scroll of revelation for 105 gold pieces
 27811 | D:14     | Bought a scroll of summoning for 133 gold pieces
 27811 | D:14     | Bought 2 scrolls of teleportation for 84 gold pieces
 27891 | D:14     | Reached skill level 19 in Dodging
 27891 | D:14     | Reached skill level 10 in Translocations
 28146 | D:14     | Found a gate to the Vaults.
 28375 | D:15     | Entered Level 15 of the Dungeon
 29738 | D:15     | Found a staircase to the Depths.
 30106 | Snake:1  | Entered Level 1 of the Snake Pit
 30148 | Snake:1  | Reached skill level 1 in Unarmed Combat
 31768 | Snake:1  | Reached skill level 10 in Air Magic
 32002 | Snake:1  | Found Egoopn's Magic Scroll Shop.
 32003 | Snake:1  | Found Ruykeumm's Armour Shop.
 32016 | Snake:1  | Found Taajoy's Jewellery Shop.
 32019 | Snake:1  | Found Nubuas's General Store.
 32023 | Snake:1  | Bought an amulet of magic regeneration for 510 gold pieces
 32542 | Lair:1   | Upgraded the game from 0.31-a0-198-g2ad674f65e to
                  | 0.31-a0-202-g547052bce9
 32823 | Snake:2  | Reached XP level 16. HP: 73/77 MP: 22/32
 33033 | Snake:2  | Noticed Vashnia
 33715 | Snake:2  | Reached skill level 5 in Unarmed Combat
 34154 | Snake:2  | Killed Vashnia
 34159 | Snake:2  | Reached skill level 10 in Transmutations
 34302 | Snake:2  | Noticed Nikola
 34326 | Snake:2  | Killed Nikola
 34646 | D:6      | Bought a +6 ring of intelligence for 360 gold pieces
 34775 | Orc:2    | Bought a potion of curing for 42 gold pieces
 34775 | Orc:2    | Bought a potion of curing for 42 gold pieces
 34775 | Orc:2    | Bought a potion of curing for 42 gold pieces
 34775 | Orc:2    | Bought a potion of ambrosia for 112 gold pieces
 34775 | Orc:2    | Bought a potion of cancellation for 112 gold pieces
 34775 | Orc:2    | Bought a potion of invisibility for 112 gold pieces
 34775 | Orc:2    | Bought a potion of enlightenment for 70 gold pieces
 34775 | Orc:2    | Bought a potion of magic for 112 gold pieces
 34947 | D:14     | Bought a scroll of teleportation for 42 gold pieces
 35148 | D:5      | Bought a potion of might for 44 gold pieces
 35288 | Orc:2    | Bought a scroll of teleportation for 45 gold pieces
 35288 | Orc:2    | Bought a scroll of teleportation for 45 gold pieces
 35288 | Orc:2    | Bought a scroll of teleportation for 45 gold pieces
 35288 | Orc:2    | Bought a scroll of silence for 142 gold pieces
 35448 | Snake:1  | Bought a scroll of amnesia for 68 gold pieces
 35448 | Snake:1  | Bought a scroll of fog for 68 gold pieces
 35448 | Snake:1  | Bought a scroll of fog for 68 gold pieces
 35448 | Snake:1  | Bought a scroll of silence for 161 gold pieces
 35448 | Snake:1  | Bought a scroll of teleportation for 51 gold pieces
 35461 | Snake:1  | Bought a scroll of blinking for 105 gold pieces
 35960 | Snake:3  | Reached skill level 20 in Dodging
 36414 | Snake:3  | Noticed Aizul
 36450 | Snake:3  | Killed Aizul
 36826 | Snake:3  | Mangled by a salamander
 36827 | Snake:3  | Reached XP level 15. HP: -8/73 MP: 17/31
 37271 | Snake:3  | Gained mutation: Your magical capacity is low. (-10% MP)
                  | [mutagenic glow]
 37572 | Snake:3  | Reached XP level 16. HP: 78/78 MP: 13/28
 37950 | Lair:1   | Upgraded the game from 0.31-a0-202-g547052bce9 to
                  | 0.31-a0-204-g7da18cac08
 37953 | Lair:1   | Learned a level 2 spell: Passwall
 38068 | Snake:4  | Entered Level 4 of the Snake Pit
 38750 | Snake:4  | Noticed Asterion
 38759 | Snake:4  | Killed Asterion
 39100 | Snake:4  | Found a sacrificial altar of Ru.
 39178 | Snake:4  | Found a runed translucent gate.
 39178 | Snake:4  | Found a runed translucent gate.
 39178 | Snake:4  | Found a runed translucent gate.
 39179 | Snake:4  | Noticed lunkers's ghost (journeyman MeWn)
 39765 | Snake:4  | Found Zann's Distillery.
 39769 | Snake:4  | Found Quosaon's General Store.
 39770 | Snake:4  | Found Eraoch's Weapon Emporium.
 40558 | Snake:4  | Got a serpentine rune of Zot
 40988 | Snake:4  | Upgraded the game from 0.31-a0-204-g7da18cac08 to
                  | 0.31-a0-208-gdb31a4691d
 41186 | Orc:2    | Bought the Tome of Amalgamated Superposition for 300 gold
                  | pieces
 41281 | Lair:1   | Learned a level 4 spell: Passage of Golubria
 41458 | Shoals:1 | Entered Level 1 of the Shoals
 41467 | Lair:2   | Reached skill level 10 in Unarmed Combat
 41467 | Lair:2   | Reached XP level 17. HP: 83/83 MP: 22/29
 41471 | Shoals:1 | Noticed Kirke
 41499 | Lair:2   | Killed Kirke
 41686 | Shoals:1 | Identified the +2 leather armour "Digel" {Will+}
 41855 | Shoals:1 | Noticed Donald
 41870 | Shoals:1 | Found Ginlyif's Armour Shop.
 41882 | Shoals:1 | Killed Donald
 42749 | Shoals:2 | Identified the +2 robe of Exclusion {rF+ Int+3}
 43443 | Shoals:3 | Found Soitt's Book Emporium.
 44431 | Shoals:4 | Entered Level 4 of the Shoals
 44811 | Shoals:4 | Reached skill level 15 in Transmutations
 44823 | Shoals:4 | Noticed Bai Suzhen
 44844 | Shoals:4 | Killed Bai Suzhen
 45270 | Shoals:4 | Reached XP level 18. HP: 88/88 MP: 22/30
 45295 | Shoals:4 | Identified the staff "Giach" {Int+3 Conj}
 45401 | Shoals:4 | Noticed Polyphemus
 45436 | Shoals:4 | Killed Polyphemus
 45641 | Shoals:4 | Got a barnacled rune of Zot
 46289 | Snake:4  | Bought a scroll of fear for 48 gold pieces
 46289 | Snake:4  | Bought a scroll of amnesia for 48 gold pieces
 46342 | Snake:4  | Bought a potion of curing for 33 gold pieces
 46342 | Snake:4  | Bought a potion of haste for 110 gold pieces
 46342 | Snake:4  | Bought a potion of haste for 110 gold pieces
 46552 | Shoals:3 | Bought a book of Death for 748 gold pieces
 46651 | Lair:1   | Learned a level 7 spell: Haunt
 46757 | Orc:2    | Killed knightboat's ghost
 47019 | Snake:4  | Killed lunkers's ghost
 47020 | Snake:4  | Reached skill level 1 in Necromancy
 47293 | Orc:2    | Upgraded the game from 0.31-a0-208-gdb31a4691d to
                  | 0.31-a0-210-gccc998df9b
 47295 | Elf:1    | Entered Level 1 of the Elven Halls
 47519 | Elf:1    | Paralysed by an air elemental for 1 turns
 47622 | Elf:1    | Paralysed by an air elemental for 1 turns
 47627 | Elf:1    | Reached skill level 15 in Air Magic
 47695 | Elf:1    | Reached skill level 15 in Fighting
 48227 | Elf:1    | Found Egewnah's Specific Store.
 48229 | Elf:1    | Found Goiwout's General Store.
 48239 | Elf:1    | Bought a scroll of revelation for 112 gold pieces
 48422 | Elf:1    | Found the +8 demon blade "Leech" {evervamp, Harm Drain rN+}
 48531 | Elf:1    | Found a radiant altar of Vehumet.
 48606 | Elf:2    | Found Qommoili's Book Shoppe.
 48880 | Elf:2    | Reached skill level 5 in Necromancy
 48883 | Elf:2    | Found a runed translucent gate.
 48885 | Elf:2    | Found a runed translucent gate.
 48885 | Elf:2    | Found a runed translucent gate.
 49366 | Elf:2    | Reached XP level 19. HP: 93/93 MP: 11/31
 49554 | Elf:3    | Entered Level 3 of the Elven Halls
 51015 | Elf:3    | Identified the ring of Neurosis {rF+ Str+3}
 51102 | Elf:3    | Identified the +7 ring mail of the Sun {Int+3}
 51115 | Elf:3    | Reached skill level 10 in Necromancy
 51566 | Elf:3    | Identified the ring of Woegawes {rN++ Str+6}
 51582 | Elf:3    | Identified the amulet of Harmony {Faith Dex+4}
 51589 | Elf:3    | Identified the staff "Embalmer" {rPois rF- Str+6 Dex+3
                  | Poison}
 51701 | Elf:3    | Learned a level 2 spell: Wereblood
 52008 | Elf:3    | Bought the Encyclopedia of Conjuration and Support for 598
                  | gold pieces
 52285 | Vaults:1 | Entered Level 1 of the Vaults
 52602 | Vaults:1 | HP: 2/93 [lindwurm/blast of flame (16)]
 52602 | Vaults:1 | Annihilated by an ironbound frostheart
 52603 | Vaults:1 | Reached XP level 18. HP: -25/89 MP: 27/31
 53098 | Vaults:1 | Found Tuotsyto's Weapon Shop.
 54053 | Depths:1 | Entered Level 1 of the Depths
 54053 | Depths:1 | Found a one-way gate leading to the halls of Pandemonium.
 54075 | Depths:1 | Reached XP level 19. HP: 93/93 MP: 16/33
 54259 | Depths:1 | Found a gateway to Hell.
 54293 | Depths:1 | Found a runed translucent door.
 54294 | Depths:1 | Noticed Olanal's ghost (veteran AtFi)
 54923 | Depths:1 | Found a one-way gate to the infinite horrors of the Abyss.
 55206 | Lair:3   | Bought Great Wizards, Vol. VII for 540 gold pieces
 55206 | Lair:3   | Bought the Grimoire of Necromantic Magic for 720 gold
                  | pieces
 55366 | Elf:3    | Bought a manual of Air Magic for 1040 gold pieces
 55747 | Vaults:2 | Noticed Boris
 55758 | Vaults:2 | Killed Boris
 56316 | Vaults:2 | Noticed Mara
 56330 | Vaults:2 | Reached skill level 15 in Spellcasting
 56337 | Vaults:2 | Killed Mara
 56838 | Vaults:2 | Learned a level 7 spell: Malign Gateway
 57569 | Vaults:2 | Upgraded the game from 0.31-a0-210-gccc998df9b to
                  | 0.31-a0-214-gb37851dbb3
 57827 | Shoals:3 | Bought a manual of Summonings for 1360 gold pieces
 58793 | Vaults:3 | Found Wugour's Antique Weapon Emporium.
 58989 | Vaults:3 | Found a staircase to the Crypt.
 59304 | Vaults:3 | Reached XP level 20. HP: 78/97 MP: 16/36
 59426 | Vaults:3 | Reached skill level 15 in Summonings
 60142 | Lair:1   | Bought a manual of Stealth for 880 gold pieces
 61488 | Vaults:4 | Got the Compilation of Decompression
 61770 | Vaults:4 | Reached skill level 21 in Dodging
 62334 | Elf:2    | Bought a book of the Senses for 512 gold pieces
 63008 | Depths:1 | Killed Olanal's ghost
 63018 | Depths:1 | Found a runed translucent door.
 63020 | Depths:1 | Noticed a golden dragon
 63021 | Depths:1 | Noticed a golden dragon
 63021 | Depths:1 | Noticed Polaczum's ghost (adept TrMo)
 63286 | Depths:1 | Killed a golden dragon
 63291 | Depths:1 | Killed a golden dragon
 63305 | Depths:1 | Killed Polaczum's ghost
 63578 | Depths:1 | Found a runed translucent door.
 63582 | Depths:1 | Noticed Cakioj's ghost (veteran DjCj)
 63601 | Depths:1 | Killed Cakioj's ghost
 63602 | Depths:1 | Reached skill level 5 in Stealth
 64254 | Slime:1  | Entered Level 1 of the Pits of Slime
 64737 | Slime:1  | Gained mutation: Your magical capacity is very low. (-20%
                  | MP) [a shining eye]
 64853 | Slime:2  | Reached skill level 15 in Unarmed Combat
 65239 | Slime:3  | You are sucked into a shaft and drop 1 floor!
 65367 | Slime:2  | Gained mutation: You occasionally lose the ability to drink
                  | potions when taking damage. [a shining eye]
 65369 | Slime:2  | Lost mutation: You occasionally lose the ability to drink
                  | potions when taking damage. [potion of mutation]
 65369 | Slime:2  | Lost mutation: Your magical capacity is very low. (-20% MP)
                  | [potion of mutation]
 65369 | Slime:2  | Gained mutation: You are dopey. (Int -2) [potion of
                  | mutation]
 65369 | Slime:2  | Gained mutation: Your body sometimes deteriorates upon
                  | taking damage. [potion of mutation]
 65369 | Slime:2  | Gained mutation: Your system is resistant to poisons.
                  | (rPois) [potion of mutation]
 65370 | Slime:2  | Lost mutation: Your magical capacity is low. (-10% MP)
                  | [potion of mutation]
 65370 | Slime:2  | Lost mutation: You are dopey. (Int -2) [potion of mutation]
 65370 | Slime:2  | Lost mutation: Your body sometimes deteriorates upon taking
                  | damage. [potion of mutation]
 65370 | Slime:2  | Gained mutation: You have a pair of small antennae on your
                  | head. [potion of mutation]
 65681 | Slime:4  | Reached XP level 21. HP: 87/103 MP: 21/41
 66497 | Snake:4  | Bought 2 potions of enlightenment for 110 gold pieces
 66497 | Snake:4  | Bought a potion of brilliance for 44 gold pieces
 66497 | Snake:4  | Bought a potion of lignification for 33 gold pieces
 66686 | Lair:5   | Bought 2 potions of curing for 66 gold pieces
 66686 | Lair:5   | Bought a potion of curing for 33 gold pieces
 66841 | Lair:5   | Fell from the grace of Gozag
 66841 | Lair:5   | Became a worshipper of Jiyva Juink the Shapeless
 67138 | Crypt:1  | Entered Level 1 of the Crypt
 67485 | Slime:5  | Entered Level 5 of the Pits of Slime
 67542 | Slime:5  | Noticed the Royal Jelly
 67615 | Slime:5  | Found a viscous altar of Jiyva.
 67615 | Slime:5  | Found the +13 scythe of Curses {drain, curses, Drain}
 68185 | Crypt:1  | Reached * piety under Jiyva
 68598 | Crypt:1  | Reached ** piety under Jiyva
 69163 | Crypt:2  | Found a transporter.
 69165 | Crypt:2  | Noticed Boris
 69177 | Crypt:2  | Killed Boris
 69210 | Crypt:2  | Found a transporter.
 69401 | Crypt:2  | Found a magical portal.
 69411 | WizLab   | Entered Doroklohe's Tomb
 69450 | WizLab   | Reached *** piety under Jiyva
 69459 | WizLab   | Gained mutation: You are partially covered in iridescent
                  | scales. (AC +2) [Jiyva's grace]
 69459 | WizLab   | Gained mutation: You are mostly covered in iridescent
                  | scales. (AC +4) [Jiyva's grace]
 69459 | WizLab   | Gained mutation: You are completely covered in iridescent
                  | scales. (AC +6) [Jiyva's grace]
 69459 | WizLab   | Gained mutation: Your rubbery body absorbs attacks. (AC +1,
                  | EV +1) [Jiyva's grace]
 69677 | Crypt:2  | Mangled by an ancient champion
 69678 | Crypt:2  | Reached XP level 20. HP: -7/100 MP: 29/40
 69736 | Crypt:2  | Identified the +2 pair of gloves "Hasomi" {Harm Str+3
                  | Dex+5}
 69739 | Crypt:2  | Got Peclaqy's Precepts of Blows
 70131 | Crypt:3  | Entered Level 3 of the Crypt
 70133 | Crypt:3  | Found a basalt altar of Yredelemnul.
 70158 | Crypt:3  | Identified the ring "Manus" {Ice rElec Int+2}
 70158 | Crypt:3  | Noticed Josephina
 70173 | Crypt:3  | Annihilated by a spriggan defender simulacrum
 70174 | Crypt:3  | Reached XP level 19. HP: -25/88 MP: 11/39
 70210 | Crypt:3  | Mangled by a caustic shrike skeleton

Illustrated notes

Levels and vault maps discovered:
D:1:      psy_arrival_whirlpool, layout_basic
D:2:      layout_basic, minmay_misc_feat_tower
D:3:      layout_basic, ebering_ecumenical_altar_sacrificial
D:4:      layout_basic, portal_sewer_entry_e, kennysheep_cross_bottleneck,
          kennysheep_small_square, uniq_menkaure
D:5:      kennysheep_slugbush, layout_rooms, lemuel_crystal_altar,
          nicolae_hepliaklqana_hazy_memory, mainiacjoe_overflow_small_starburst,
          minmay_temple_entry_sparse_star, serial_shops,
          nicolae_shop_tiny_real_fake_doors, nicolae_shop_tiny_glass,
          kennysheep_mini_moat, nicolae_stop_n_shop_2, shop
D:6:      minmay_spotlight, layout_cave_pools, serial_gnoll_camp,
          gnoll_camp_huts_basic, gnoll_camp_mini_shop, gnoll_camp_mini_house,
          gnoll_camp_mini_basic, minmay_manual_mullet, uniq_edmund
D:7:      layout_gridville, serial_shops, nicolae_shop_rolling_square,
          uniq_prince_ribbit1
D:8:      layout_layer_cave, mainiacjoe_overflow_paths
D:9:      layout_irregular_city, nicolae_ashenzari_panopticon,
          due_lair_maze_entry_diamond, orc_david_3, uniq_erica, uniq_grum
D:10:     lemuel_ice_statue, layout_basic, makhleb_altar_promises_db,
          general_overflow_altar, trog_book
D:11:     layout_basic
D:12:     layout_roguey
D:13:     layout_irregular_city, uniq_jorgrun
D:14:     layout_cave_pools, david_vaults_4, serial_shops,
          nicolae_shop_pleasant_corner_grove, minmay_misc_feat_hallway
D:15:     grunt_enter_depths_magical_seal, layout_loops_ring,
          grunt_decor_junction
Temple:   jpeg_temple_clearing
Lair:1:   layout_regular_city, minmay_shattered_shrine, grunt_megastairs_1
Lair:2:   layout_regular_city, nicolae_shoals_entry_flooding,
          nicolae_snake_entry_warm_welcome, gauntlet_entry_generic,
          grunt_megastairs_5
Lair:3:   layout_regular_city, beast_lair_carwin_1
Lair:4:   layout_small_grid
Lair:5:   evilmike_catoblepas_cave, layout_loops_ring, slime_entry_1
Shoals:1: layout_shoals, serial_shops, shop, uniq_donald, uniq_kirke
Shoals:2: layout_shoals
Shoals:3: layout_shoals, serial_shops, shop, nicolae_shoals_goliath_grotto
Shoals:4: shoals_end_hellmonk_lost_city, uniq_polyphemus, uniq_bai_suzhen
Snake:1:  nicolae_snake_unarmed_stairs_patrol, layout_grid_shapes,
          serial_bayou_pond_c, nicolae_snake_serpentine_bazaar
Snake:2:  layout_concentric_octagons, uniq_vashnia, uniq_nikola
Snake:3:  layout_basic, uniq_aizul
Snake:4:  snake_pit, layout_chambers, gammafunk_ghost_necromancy, basic_altar,
          hangedman_snake_corridor_cut, minmay_shop_star, uniq_asterion
Slime:1:  cheibrodos_slime_lost_civilization_10, layout_caves
Slime:2:  layout_caves
Slime:3:  layout_caves
Slime:4:  cheibrodos_slime_lost_civilization_3, layout_caves
Slime:5
Orc:1:    layout_diamond_mine, serial_shops, nicolae_shop_pleasant_corner_grove
Orc:2:    st_orc_ogre_mass, layout_caves, gammafunk_ghost_grave
Elf:1:    minmay_elf_arrival_circle, layout_loops_ring,
          hangedman_elven_crosses_minicolossus, dreamdust_deal_with_the_devil,
          nicolae_specific_store, lemuel_statue_altar
Elf:2:    nicolae_elf_blades_crystal_corner, layout_loops_cross, serial_shops,
          nicolae_shop_just_a_little_nook
Elf:3:    elf_hall_gauntlet_wide, layout_onion_city
Vaults:1: dpeg_vaults_monster_box, ontoclasm_vaults_decontamination,
          vaults_mumra_lcd, nicolae_vaults_tetromino_Z_2,
          nicolae_vaults_trapezoid_3, v_misc_22,
          vaults_room_grunt_arrival_ludios, layout_vaults_big_room
Vaults:2: nicolae_vaults_three_branches, nicolae_vaults_arrows,
          nicolae_vaults_trapezoid_3, hangedman_vaults_nails,
          nicolae_vaults_triangles, layout_vaults_omnigrid, uniq_boris,
          uniq_mara
Vaults:3: minmay_crypt_entry_simple_corners, nicolae_vaults_storage_closets_3,
          nicolae_vaults_circle_grid_a, nicolae_vaults_trapezoid_4,
          dpeg_vaults_hating_casters, v_misc_8, v_misc_27,
          nicolae_vaults_storage_room_water, vaults_room_corners,
          nicolae_vaults_weapon_check, nicolae_vaults_border_crossing,
          nicolae_vaults_tetromino_L_1, layout_vaults_ring, serial_shops, shop
Vaults:4: nicolae_vaults_wine_cellar, ontoclasm_vaults_eye, vaults_room_boxed,
          hangedman_vaults_corner_blocks, hangedman_vaults_hat, v_misc_5,
          nicolae_vaults_oval_intersection, v_rooms_4,
          nicolae_vaults_antechamber_and_loot_room, vaults_dpeg_encased_lava,
          layout_vaults_maze_bifur
Crypt:1:  layout_basic, serial_co_window_serial, co_window_cross_1,
          co_window_paths_b, co_window_cross_1, co_window_of_opportunity_a,
          co_window_cross_1, co_window_broadway_a, co_window_unsneaky_path_d,
          co_window_paths_c, co_window_broadway_b, co_window_4corner_b,
          amcnicky_mini_rare_corridor_liquid
Crypt:2:  gammafunk_sealed_arena, layout_rooms, mu_enter_wizlab_5,
          tombwall_bobbens, lemuel_upstairs_altar
Crypt:3:  due_elkab, layout_chaotic_city, nicolae_tomb_entry_grand_gallery,
          fountainhead, small_statue_intersection, weyrava_vampire_temple,
          uniq_josephina
Depths:1: layout_cave_pools, muffindrake_ghost_three_little_ghosts, pan_entry,
          hell_entry, nicolae_figureground_sparkle, marbit_kobold_abyss_entry,
          kennysheep_opposing_triangles, serial_bayou_shore_b

Skill      XL: |  1  2  3  4  5  6  7  8  9 10 11 12 13 14 15 16 17 18 19 20 21 |
---------------+----------------------------------------------------------------+-----
Spellcasting   | 3 4 5 6 9 8 10 11 13 15 | 15.6
Hexes          | 1 3 4 5 6 8 10 | 10.0
Summonings     | 5 6 7 8 9 11 13 14 16 | 16.0
Dodging        | 3 4 6 7 10 15 16 18 19 20 21 | 21.0
Fighting       | 1 2 4 5 6 9 10 11 12 14 15 16 17 | 17.7
Air Magic      | 2 5 7 8 10 13 14 15 16 | 16.0
Translocations | 4 7 9 10 | 10.0
Transmutations | 5 11 13 15 16 | 16.0
Unarmed Combat | 7 10 11 13 16 | 16.0
Necromancy     | 7 12 | 12.0
Stealth        | 7 8 |  8.0

Action                     |  1- 3 |  4- 6 |  7- 9 | 10-12 | 13-15 | 16-18 | 19-21 || total
---------------------------+-------+-------+-------+-------+-------+-------+-------++-------
  Melee: Unarmed           |    18 |    14 |    11 |    13 |   175 |   632 |   696 ||  1559
         Bite              |     1 |     4 |     2 |     2 |     1 |     2 |       ||    12
         Punch             |     1 |     1 |       |       |     6 |    64 |   109 ||   181
   Cast: Summon Small Mamm |    50 |    17 |    10 |     6 |       |       |       ||    83
         Call Imp          |     8 |    17 |    27 |    15 |       |       |       ||    67
         Call Canine Famil |     4 |    13 |    39 |    25 |    11 |    12 |       ||   104
         Summon Guardian G |       |     2 |    36 |    56 |    24 |    37 |       ||   155
         Summon Lightning  |       |       |    22 |    39 |    26 |    30 |    15 ||   132
         Summon Cactus Gia |       |       |       |    45 |   113 |   129 |    95 ||   382
         Summon Mana Viper |       |       |       |    26 |    59 |   112 |    95 ||   292
         Summon Forest     |       |       |       |     5 |    14 |    59 |    50 ||   128
         Storm Form        |       |       |       |       |    30 |   124 |   122 ||   276
         Passage of Golubr |       |       |       |       |       |     3 |       ||     3
         Haunt             |       |       |       |       |       |     5 |    43 ||    48
         Malign Gateway    |       |       |       |       |       |       |     7 ||     7
 Invoke: Call Merchant     |       |       |       |     2 |       |     1 |     2 ||     5
         Potion Petition   |       |       |       |       |       |       |     1 ||     1
Ability: Blinkbolt         |       |       |       |       |     8 |    10 |     3 ||    21
         End Transformatio |       |       |       |       |     1 |    14 |     1 ||    16
  Evoke: Wand              |       |       |       |     6 |     2 |     8 |    10 ||    26
         Phial of floods   |       |       |       |       |       |       |     1 ||     1
    Use: Scroll            |       |       |     4 |    17 |     7 |     6 |     7 ||    41
         Potion            |       |       |     2 |     2 |     2 |     4 |    13 ||    23
   Stab: Sleeping          |       |       |     1 |       |     5 |     2 |     8 ||    16
         Distracted        |       |       |       |       |     3 |    11 |    25 ||    39
         Invisible         |       |       |       |       |       |       |     2 ||     2
 Armour: Skin              |     4 |     1 |     3 |     1 |    24 |    97 |    94 ||   224
  Dodge: Dodged            |    32 |    16 |    56 |    98 |   434 |  1207 |   934 ||  2777
  Block: Other             |       |       |     3 |    17 |    14 |       |       ||    34
         Reflection        |       |       |     3 |     2 |     1 |       |       ||     6

Table legend: (Time is in decaauts)
 A = Elapsed time spent in this place.
 B = Non-inter-level travel time spent in this place.
 C = Inter-level travel time spent in this place.
 D = Time resting spent in this place.
 E = Time spent auto-exploring this place.
 F = Levels seen in this place.
 G = Mean time per level.
                   A        B        C        D        E       F      G
               +--------+--------+--------+--------+--------+-----+--------+
         Total |  64233 |  53321 |  10912 |  12712 |  13452 |  50 | 1284.7 |
       Dungeon |  19341 |  15119 |   4222 |   3944 |   5485 |  15 | 1289.4 |
        Temple |    135 |    107 |     28 |      0 |     86 |   1 |  135.0 |
          Lair |  10064 |   8060 |   2004 |   2601 |   2699 |   5 | 2012.8 |
        Shoals |   4637 |   4203 |    434 |    999 |    108 |   4 | 1159.2 |
     Snake Pit |   8938 |   7699 |   1239 |   2195 |    988 |   4 | 2234.5 |
    Slime Pits |   2200 |   1989 |    211 |     90 |      0 |   5 |  440.0 |
  Orcish Mines |   2577 |   1670 |    907 |    222 |    417 |   2 | 1288.5 |
   Elven Halls |   4632 |   4195 |    437 |    482 |    549 |   3 | 1544.0 |
        Vaults |   7148 |   6081 |   1067 |   1321 |   1946 |   4 | 1787.0 |
         Crypt |   1903 |   1642 |    261 |      0 |    798 |   3 |  634.3 |
        Depths |   1523 |   1426 |     97 |    474 |    373 |   1 | 1523.0 |
         Sewer |    142 |    142 |      0 |     56 |      0 |   1 |  142.0 |
        Wizlab |    212 |    212 |      0 |      0 |      0 |   1 |  212.0 |
      Gauntlet |    776 |    776 |      0 |    326 |      0 |   1 |  776.0 |
               +--------+--------+--------+--------+--------+-----+--------+

Top non-repeatable levels by time:
  Lair:2: 2980 daAuts
 Snake:2: 2512 daAuts
  Lair:1: 2450 daAuts
 Snake:3: 2322 daAuts
     D:9: 2221 daAuts
 Snake:4: 2144 daAuts
   Elf:3: 2109 daAuts
Vaults:1: 2090 daAuts
 Snake:1: 1959 daAuts
Vaults:3: 1954 daAuts
  Lair:5: 1894 daAuts
     D:6: 1730 daAuts
Vaults:2: 1718 daAuts
    D:13: 1656 daAuts
    D:15: 1619 daAuts
